[Event "Late-Titled-Tuesday-Blitz-May-07-2024"]
[Site "Chess.com"]
[Date "2024.05.07"]
[Round "1"]
[White "Mbneu"]
[Black "manitodeplomo"]
[Result "0-1"]
[WhiteElo "2205"]
[BlackElo "2605"]
[TimeControl "180+1"]
[EndTime "14:06:58 PDT"]
[Termination "manitodeplomo won by resignation"]

1. d4 c5 2. d5 g6 3. c4 Bg7 4. e4 d6 5. f4 Nf6 6. Nc3 O-O 7. Nf3 b5 8. cxb5 a6 9. a4 Bb7 10. bxa6 Nxa6 11. Bb5 e6 12. dxe6 fxe6 13. Ng5 Nc7 14. O-O h6 15. e5 hxg5 16. exf6 Qxf6 17. Be3 gxf4 18. Bxf4 Qd4+ 19. Kh1 Rxf4 20. Qe2 Raf8 21. Rxf4 Qxf4 22. Bd7 Qf2 23. Bxe6+ Kh7 24. Bh3 Bxc3 25.
Qxf2 Rxf2 26. bxc3 Nd5 27. Kg1 Rb2 28. Rd1 Kh6 29.
c4 Nf4 30. Rxd6 Nxh3+ 31. gxh3 Rb4 32. a5 Rxc4 33. a6 Be4 34. a7 Ra4 35. Rd7 c4 36. Kf2 c3 37. Ke2 c2 38. Kd2 Ra1 39. Rc7 Rd1+ 40.
Ke3 c1=Q+ 0-1

[Event "Late-Titled-Tuesday-Blitz-May-07-2024"]
[Site "Chess.com"]
[Date "2024.05.07"]
[Round "1"]
[White "djano"]
[Black "LiemLe"]
[Result "0-1"]
[WhiteElo "2554"]
[BlackElo "3073"]
[TimeControl "180+1"]
[EndTime "14:07:00 PDT"]
[Termination "LiemLe won by resignation"]

1. e4 c5 2. Nc3 d6 3. f4 Nc6 4. Nf3 g6 5. Bc4 Bg7 6. O-O e6 7. d4 cxd4 8. Nb5 a6 9. Nbxd4 Nxd4 10. Nxd4 Nf6 11. f5 gxf5 12. exf5 e5 13. Ne2 b5 14. Bb3 Bb7 15. Ng3 Qc7 16. Bg5 O-O-O 17. Rf2 Rhg8 18. Bxf6 Bxf6 19. Bd5 Bh4 20. c4 Kb8 21. cxb5 axb5 22. Rc1 Qb6 23. Bxb7 Qxb7 24. Rc3 d5 25. Rb3 d4 26.
Qd3 Rd5 27. Rc2 Bxg3 28. hxg3 Rg4 29. a4 e4 30. Qd1 d3 31. Rcc3 Rxg3 32. axb5 Rxf5 33.
b6 e3 34. Rc8+ Kxc8 0-1

[Event "Late-Titled-Tuesday-Blitz-May-07-2024"]
[Site "Chess.com"]
[Date "2024.05.07"]
[Round "1"]
[White "Polish_fighter3000"]
[Black "wannabe2700"]
[Result "1-0"]
[WhiteElo "3127"]
[BlackElo "2559"]
[TimeControl "180+1"]
[EndTime "14:07:03 PDT"]
[Termination "Polish_fighter3000 won by resignation"]

1. b3 a5 2. Bb2 Ra6 3. e4 e6 4.
Bxa6 Nxa6 5. Nf3 b6 6. O-O Bb7 7. Re1 Nf6 8. d3 d5 9. Nbd2 Be7 10. exd5 Nxd5 11. Bxg7 Rg8 12. Be5 f6 13. Bg3 Nc3 14.
Qc1 e5 15. Qb2 Nd5 16. d4 a4 17. bxa4 Bb4 18. dxe5 f5 19. c4 Bc3 20. Qc1 Bxa1 21.
cxd5 Qxd5 22. Qxa1 f4 23. Bxf4 Nb4 24. Re4 Nc2 25.
Qb2 Qd3 26. Qb3 Qxb3 27. axb3 Bxe4 28. Nxe4 Ke7 29. g3 c5 30. h4 Na1 31. Nfd2 h5 32. Nf6 Rh8 33. Nd5+ Ke6 34. Nxb6 Rd8 35. a5 Rb8 36.
Be3 Rb7 37. Bxc5 Kxe5 38. a6 Rc7 39. a7 Rxa7 40. Nbc4+ Kd5 41. Bxa7 Nxb3 42. Ne3+ Ke6 43.
Nxb3 Kd7 44. Ng2 1-0

[Event "Late-Titled-Tuesday-Blitz-May-07-2024"]
[Site "Chess.com"]
[Date "2024.05.07"]
[Round "1"]
[White "Durarbayli"]
[Black "HaryKane"]
[Result "1-0"]
[WhiteElo "2949"]
[BlackElo "2532"]
[TimeControl "180+1"]
[EndTime "14:07:05 PDT"]
[Termination "Durarbayli won by resignation"]

1. e4 e6 2. d4 d5 3. exd5 exd5 4. h3 c5 5. Nf3 c4 6. b3 cxb3 7. axb3 Bd6 8. Bd3 Ne7 9. O-O O-O 10. c4 Nbc6 11.
Nc3 Nb4 12. Bb1 dxc4 13. bxc4 Bf5 14. Ba3 a5 15. Ne4 Rc8 16. Qb3 Bb8 17. Bxb4 axb4 18.
Qxb4 Nc6 19. Qb2 Re8 20. Neg5 Qf6 21. Qxb7 h6 22. d5 Nd8 23. Qb5 Re7 24. Bxf5 Qxf5 25. Rae1 Rxe1 26. Rxe1 hxg5 27. Qa6 g6 28. Re8+ Kg7 29.
Qa1+ Qf6 30. Rg8+ Kxg8 31. Qxf6 Nb7 32. Nxg5 Bd6 33. Qxf7+ 1-0

[Event "Late-Titled-Tuesday-Blitz-May-07-2024"]
[Site "Chess.com"]
[Date "2024.05.07"]
[Round "1"]
[White "German_Bazeev"]
[Black "Road2GM3000"]
[Result "0-1"]
[WhiteElo "2788"]
[BlackElo "2478"]
[TimeControl "180+1"]
[EndTime "14:07:05 PDT"]
[Termination "Road2GM3000 won by resignation"]

1. d4 d5 2. Nf3 Nf6 3. Bf4 c6 4. e3 Qb6 5. Qc1 Bf5 6. h3 e6 7. c4 Bb4+ 8. Nc3 O-O 9. Be2 Ne4 10. O-O Bxc3 11. bxc3 Qa5 12. Qb2 Nxc3 13. Rfc1 Nxe2+ 14. Qxe2 Nd7 15. a4 Nb6 16. c5 Nd7 17.
Qb2 Qa6 18. Bd6 Rfc8 19. a5 h6 20. Nd2 Qe2 21. Re1 Qa6 22. f3 Bg6 23. g4 h5 24.
Kf2 hxg4 25. hxg4 Qb5 26. Qxb5 cxb5 27. a6 b6 28. Rec1 bxc5 29. Bxc5 Rc6 30. Nb3 Bd3 31.
Bb4 Rac8 32. Nc5 Nxc5 33. Rxc5 Rxc5 34. dxc5 Rc6 35. g5 f6 36. f4 f5 37. Ke1 g6 38.
Kd2 Bc4 39. Kc3 Kf7 40. Kd4 Be2 41. Ke5 Bh5 42. Kd4 Ke7 43. Kc3 Kd7 44. Kb3 Kc8 45. Ba3 Rxa6 46. Rc1 Kc7 47. Bb4 Kc6 48. e4 fxe4 49. f5 exf5 0-1

[Event "Late-Titled-Tuesday-Blitz-May-07-2024"]
[Site "Chess.com"]
[Date "2024.05.07"]
[Round "1"]
[White "Godzillator"]
[Black "FoggyMorning"]
[Result "1-0"]
[WhiteElo "2348"]
[BlackElo "2634"]
[TimeControl "180+1"]
[EndTime "14:07:05 PDT"]
[Termination "Godzillator won by resignation"]

1. c4 e5 2. g3 c6 3. Bg2 d5 4. cxd5 cxd5 5. d4 e4 6. Nc3 Nf6 7. Bg5 Nbd7 8. e3 Be7 9. Nge2 O-O 10.
O-O h6 11. Bxf6 Nxf6 12. Rc1 b6 13. Nf4 Ba6 14. Re1 g5 15. Nh5 Qd7 16. Nxf6+ Bxf6 17. Qa4 Qxa4 18. Nxa4 Rfc8 19. Bh3 Rc4 20. b3 Rxc1 21. Rxc1 Be7 22. Bd7 Ba3 23. Rc7 Bd6 24. Rc6 Bf8 25.
Rc7 Bd6 26. Rc6 Bf8 27. Rc7 Bb4 28. Bc6 Rc8 29. Rxc8+ Bxc8 30. Bxd5 Kg7 31. Bxe4 f5 32. Bd5 Kf6 33. Nb2 f4 34. Nc4 b5 35. Nb2 Bd6 36. Nd3 fxe3 37. fxe3 Kf5 38. Kg2 h5 39. e4+ Kg6 40. Ne5+ Bxe5 41. dxe5 g4 42. Kf2 Kg5 43. Ke3 h4 44. Kd4 a6 45. Kc5 Kg6 46. Kd6 Kg7 47.
e6 hxg3 48. hxg3 Kf8 49. e7+ 1-0

[Event "Late-Titled-Tuesday-Blitz-May-07-2024"]
[Site "Chess.com"]
[Date "2024.05.07"]
[Round "1"]
[White "DominguezOnYoutube"]
[Black "MathiasWomacka"]
[Result "1-0"]
[WhiteElo "2994"]
[BlackElo "2541"]
[TimeControl "180+1"]
[EndTime "14:07:07 PDT"]
[Termination "DominguezOnYoutube won by resignation"]

1. e4 c5 2. Nf3 d6 3. d4 cxd4 4. Nxd4 Nf6 5. Nc3 a6 6. Be3 e5 7. Nb3 Be7 8. f3 Be6 9. Qd2 O-O 10. O-O-O Nbd7 11. g4 b5 12. Rg1 Nb6 13. Na5 Rc8 14. g5 Nh5 15. Kb1 g6 16. a3 Qc7 17. Nd5 Nxd5 18. exd5 Bxd5 19. Qxd5 Qxa5 20. Rg4 Qc7 21. c4 bxc4 22. Rxc4 Qd7 23. Rxc8 Qxc8 24. Rc1 Qf5+ 25.
Bd3 Qh3 26. Bxa6 Qxh2 27. Qb7 Bd8 28. Bc4 Nf4 29. a4 d5 30. Bxd5 Nd3 31. Rc8 Qe2 32. Bc1 Nxc1 33. Rxd8 Qd3+ 34. Kxc1 Qe3+ 35. Kb1 Qd3+ 36.
Ka2 1-0

[Event "Late-Titled-Tuesday-Blitz-May-07-2024"]
[Site "Chess.com"]
[Date "2024.05.07"]
[Round "1"]
[White "laskakid"]
[Black "Franmu14"]
[Result "0-1"]
[WhiteElo "2411"]
[BlackElo "2719"]
[TimeControl "180+1"]
[EndTime "14:07:07 PDT"]
[Termination "Franmu14 won by checkmate"]

1. e4 e5 2. Nf3 Nc6 3. d3 d5 4. Nbd2 Be6 5. Be2 f6 6. O-O Qd7 7. Re1 O-O-O 8. exd5 Qxd5 9. Ne4 Kb8 10. c3 g5 11. b4 g4 12. Nfd2 f5 13. c4 Qd4 14.
Nb3 Qd7 15. Nec5 Bxc5 16. Nxc5 Qd6 17. Nxe6 Qxe6 18. b5 Nd4 19. Bf1 Ne7 20. Bb2 Ng6 21.
a4 Qf6 22. a5 Nh4 23. Bxd4 Rxd4 24. b6 cxb6 25. axb6 a6 26. c5 Rg8 27. Kh1 e4 28.
Ra4 Rgd8 29. Rxd4 Qxd4 30. Qb3 Qxf2 31. Rc1 Qe3 32. Qf7 Rc8 33. c6 Qxb6 34. dxe4 Rxc6 35. Rxc6 Qxc6 36. exf5 Qc1 37. Qe8+ Ka7 38. Qe5 Qxf1# 0-1

[Event "Late-Titled-Tuesday-Blitz-May-07-2024"]
[Site "Chess.com"]
[Date "2024.05.07"]
[Round "1"]
[White "GothamChess"]
[Black "HanSchut"]
[Result "1-0"]
[WhiteElo "2703"]
[BlackElo "2392"]
[TimeControl "180+1"]
[EndTime "14:07:07 PDT"]
[Termination "GothamChess won by resignation"]

1. a4 e5 2. Ra3 Bxa3 3. Nxa3 d5 4.
b3 Be6 5. Bb2 f6 6. g3 c5 7. Bg2 Nc6 8. e3 Qd7 9. Ne2 Nge7 10.
O-O Bh3 11. f4 Bxg2 12. Kxg2 h5 13. h3 O-O-O 14. d3 Ng6 15. Qe1 Rde8 16. f5 Nge7 17. e4 Nd4 18. Nc1 dxe4 19. dxe4 Qc6 20. Nc4 Ndxf5 21.
Na5 Qd7 22. exf5 Nxf5 23. Qf2 Nd4 24. c3 Nc6 25. Qxc5 Rd8 26. Nxc6 bxc6 27. Rf2 Qd5+ 28. Qxd5 cxd5 29. Nd3 Kd7 30. Nc5+ Ke7 31. Ba3 Kf7 32.
Nd3 d4 33. Nxe5+ Ke6 34. Nc6 dxc3 35. Nxd8+ Rxd8 36. Bb4 Rb8 37. Bxc3 Rxb3 38. Rc2 Kf5 39. a5 Ke4 40. Be1 Kd3 41. Rc7 g5 42. Rxa7 g4 43. hxg4 hxg4 44. Rf7 Rb2+ 45. Bf2 Ra2 46. Rxf6 Rxa5 47. Rf4 1-0

[Event "Late-Titled-Tuesday-Blitz-May-07-2024"]
[Site "Chess.com"]
[Date "2024.05.07"]
[Round "1"]
[White "Pidzsy"]
[Black "ritanovikova"]
[Result "1-0"]
[WhiteElo "2593"]
[BlackElo "2174"]
[TimeControl "180+1"]
[EndTime "14:07:07 PDT"]
[Termination "Pidzsy won on time"]

1. g3 Nf6 2. Bg2 g6 3. b3 Bg7 4. Bb2 O-O 5. c4 c5 6. Nc3 Nc6 7. e3 d6 8. Nge2 e5 9. O-O Bg4 10. h3 Be6 11. Nd5 Rb8 12. Kh2 Ne7 13. e4 Nc6 14. d3 Bxd5 15. cxd5 Nd4 16. Nxd4 cxd4 17.
Rc1 Rc8 18. Qd2 Qd7 19. Ba3 Rfd8 20. Rxc8 Qxc8 21. Rc1 Qd7 22. Bf3 Ne8 23. Rc2 Rc8 24. Qc1 Rxc2 25. Qxc2 Bf8 26. Bg4 Qc7 27. Qd2 h5 28.
Bd1 b5 29. Bb4 Kh7 30. a4 a6 31. Ba5 Qc8 32. axb5 axb5 33. Bf3 Qa6 34. b4 Qc8 35. Qg5 f6 36. Qd2 Bh6 37. Qd1 Qc3 38. h4 Bf8 39. g4 hxg4 40. Bxg4 Bh6 41. h5 gxh5 42. Bf5+ Kh8 43. Qxh5 Qd2 44. Qxe8+ 1-0

[Event "Late-Titled-Tuesday-Blitz-May-07-2024"]
[Site "Chess.com"]
[Date "2024.05.07"]
[Round "1"]
[White "Iball95"]
[Black "Cambek64"]
[Result "1-0"]
[WhiteElo "2900"]
[BlackElo "2520"]
[TimeControl "180+1"]
[EndTime "14:07:08 PDT"]
[Termination "Iball95 won by resignation"]

1. e4 e6 2. d4 d5 3. Nc3 Nc6 4. Nf3 Nf6 5. Bd3 Nb4 6. e5 Nd7 7. Bg5 Be7 8. Bxe7 Qxe7 9. O-O O-O 10. a3 Nxd3 11. cxd3 a6 12. Rc1 b6 13. b4 Bb7 14.
Ne2 Rfc8 15. Qb3 Rab8 16. Qa4 c5 17. dxc5 bxc5 18. bxc5 Nxc5 19. Qd4 Nb3 20. Rxc8+ Bxc8 21. Qc3 a5 22. a4 Bd7 23. Rb1 Bxa4 24. Ned4 Qb4 25. Qc7 h6 26. h4 Rb7 27. Qc8+ Kh7 28. h5 Qc5 29. Qxb7 Nxd4 30. Qxf7 Ne2+ 31. Kf1 Bb5 32.
Rxb5 Ng3+ 33. fxg3 Qxb5 34. Qg6+ Kh8 35. Qxe6 Qxd3+ 36. Kf2 Qc2+ 37. Kg1 Qc5+ 38. Kh2 Qa7 39. Qe8+ Kh7 40. e6 a4 41. e7 a3 42. Qg6+ 1-0

[Event "Late-Titled-Tuesday-Blitz-May-07-2024"]
[Site "Chess.com"]
[Date "2024.05.07"]
[Round "1"]
[White "Dzidzik2203"]
[Black "carokannlover213"]
[Result "1-0"]
[WhiteElo "2439"]
[BlackElo "2717"]
[TimeControl "180+1"]
[EndTime "14:07:08 PDT"]
[Termination "Dzidzik2203 won by resignation"]

1. b3 d5 2. Bb2 Nf6 3. Nf3 e6 4. e3 Bd6 5. c4 O-O 6. Nc3 Re8 7. g4 Ne4 8. Qc2 Nxc3 9. Qxc3 e5 10. cxd5 Bxg4 11. e4 Qf6 12. Be2 Nd7 13. Rg1 Bh5 14. O-O-O c6 15. dxc6 Rac8 16. Kb1 Rxc6 17. Qe3 Bg6 18. Bb5 Bc5 19. Qe2 Rd6 20. d3 a6 21.
Bxd7 Rxd7 22. Rg5 Bd6 23. h4 h6 24. Rg3 Kh7 25. Qe3 Bh5 26. Rdg1 Rg8 27. d4 exd4 28. Bxd4 Bc5 29. Bxf6 Bxe3 30. Rxg7+ Rxg7 31. Rxg7+ Kh8 32. Rxf7+ Kg8 33. Rxd7 1-0

[Event "Late-Titled-Tuesday-Blitz-May-07-2024"]
[Site "Chess.com"]
[Date "2024.05.07"]
[Round "1"]
[White "Genghis_K"]
[Black "Ykow"]
[Result "1/2-1/2"]
[WhiteElo "2954"]
[BlackElo "2544"]
[TimeControl "180+1"]
[EndTime "14:07:11 PDT"]
[Termination "Game drawn by repetition"]

1. e4 e5 2. Nf3 Nc6 3. d4 exd4 4. Nxd4 Nf6 5. Nxc6 bxc6 6. Bd3 d5 7. exd5 cxd5 8.
O-O Be7 9. c4 c6 10. Nc3 O-O 11. cxd5 cxd5 12. Be3 h6 13. Bd4 Be6 14. Re1 Qa5 15.
Bc2 Rfc8 16. Qd3 Rab8 17. Rab1 Kf8 18. Bb3 Rb4 19. Bxf6 Bxf6 20. Qh7 Rd8 21. Rbd1 Rd4 22. Rc1 Rd2 23. Ne2 Qb6 24. Rc2 Rxc2 25. Qxc2 Rc8 26.
Qd2 Bg5 27. Qd1 Rc5 28. h3 a5 29. Nd4 Rc1 30. Nxe6+ Qxe6 31. Rxe6 Rxd1+ 32. Bxd1 fxe6 33. a3 Bc1 34. b4 axb4 35. axb4 Ba3 36. b5 Bc5 37.
Kf1 Ke7 38. Bg4 e5 39. Ke2 Kd6 40. Bh5 e4 41. f3 Ke5 42. fxe4 dxe4 43. Be8 Kf4 44.
Bc6 h5 45. Kd2 h4 46. Kc3 Bb6 47. Kd2 e3+ 48. Ke2 Kg3 49. Bf3 g5 50. Bd5 g4 51.
hxg4 Kxg4 52. Bc6 Kg3 53. Bd5 Kf4 54. Bc6 Kg3 55. Bd5 Kf4 56. Bc6 Kg3 1/2-1/2

[Event "Late-Titled-Tuesday-Blitz-May-07-2024"]
[Site "Chess.com"]
[Date "2024.05.07"]
[Round "1"]
[White "Walter_White_Poland"]
[Black "FelixBlohberger"]
[Result "0-1"]
[WhiteElo "2428"]
[BlackElo "2737"]
[TimeControl "180+1"]
[EndTime "14:07:11 PDT"]
[Termination "FelixBlohberger won on time"]

1. e4 c5 2. Nf3 d6 3. d4 cxd4 4. Nxd4 Nf6 5. Nc3 a6 6. Bg5 e6 7. f4 Nbd7 8. Bc4 h6 9. Bxf6 Nxf6 10. Qe2 Be7 11. O-O-O Qc7 12. e5 dxe5 13. fxe5 Nd7 14. Bxe6 O-O 15. Bxf7+ Rxf7 16. e6 Bg5+ 17. Kb1 Rf8 18. e7 Re8 19. Qe6+ Kh8 20. Nd5 Qc5 21.
Qf7 Rxe7 22. Nxe7 Qxe7 23. Qxe7 Bxe7 24. Rhe1 Bf6 25. Re8+ Kh7 26. Ne6 Ne5 27. Nc7 Rb8 28. a3 Kg6 29. h3 Kf7 30. Re1 Nc4 31. Rh8 Be5 32. Nd5 g6 33. b3 Nxa3+ 34. Ka2 Bxh8 0-1

[Event "Late-Titled-Tuesday-Blitz-May-07-2024"]
[Site "Chess.com"]
[Date "2024.05.07"]
[Round "1"]
[White "sofaceindisguise"]
[Black "AccioChess"]
[Result "1-0"]
[WhiteElo "2735"]
[BlackElo "2425"]
[TimeControl "180+1"]
[EndTime "14:07:11 PDT"]
[Termination "sofaceindisguise won on time"]

1. d4 Nf6 2. c4 g6 3. Nc3 d5 4. cxd5 Nxd5 5. e4 Nxc3 6. bxc3 Bg7 7. Bc4 c5 8. Ne2 O-O 9. Be3 Nc6 10. Rb1 cxd4 11. cxd4 a6 12. O-O b5 13. Bd5 Bd7 14. h4 e6 15. Bb3 Na5 16. h5 Nxb3 17. Rxb3 Bc6 18. Ng3 f5 19. d5 exd5 20. exf5 d4 21. Rd3 Qd5 22. f3 Rad8 23. fxg6 hxg6 24. hxg6 Qxa2 25. Bxd4 Qc4 26. Bxg7 Rxd3 27. Qa1 Qc5+ 28. Kh2 Rfxf3 29. Bh6 Qe7 30. gxf3 Qh4+ 31. Kg2 Qxh6 32. Qf6 Rd2+ 33. Rf2 Rxf2+ 34. Kxf2 Qd2+ 35. Ne2 Qd7 36. Nd4 Bd5 37. Nf5 Qa7+ 38. Kg3 Qg1+ 39. Kf4 Qc1+ 40.
Ke5 Qc3+ 41. Nd4 1-0

[Event "Late-Titled-Tuesday-Blitz-May-07-2024"]
[Site "Chess.com"]
[Date "2024.05.07"]
[Round "1"]
[White "Gennady_Kozlov"]
[Black "IndianSchoolOfSuffering"]
[Result "0-1"]
[WhiteElo "2652"]
[BlackElo "2389"]
[TimeControl "180+1"]
[EndTime "14:07:11 PDT"]
[Termination "IndianSchoolOfSuffering won on time"]

1. d4 Nf6 2. Bg5 d5 3. Bxf6 exf6 4. Nf3 Bd6 5. g3 O-O 6. Bg2 Nd7 7. O-O f5 8. Nbd2 Nf6 9. c4 c6 10. Ne5 Be6 11. cxd5 Bxd5 12. Ndc4 Bc7 13. Qd3 g6 14. Rfd1 Re8 15. f4 Bxg2 16. Kxg2 Qd5+ 17. Kg1 Rad8 18. Ne3 Qe4 19. Qxe4 Nxe4 20. N3c4 Rd5 21. e3 Red8 22. Rac1 f6 23. Nd3 Kf7 24. Kg2 h6 25. a4 Bb8 26. Nb4 R5d7 27. Na5 c5 28. Nc2 g5 29. Nb3 b6 30. a5 h5 31. axb6 axb6 32. Ra1 h4 33. Nd2 hxg3 34. Nxe4 fxe4 35. hxg3 gxf4 36.
gxf4 cxd4 37. exd4 Bxf4 38. Ra6 Rg8+ 39. Kf2 Rh8 40.
Ne1 Rh2+ 41. Ng2 Rc7 0-1

[Event "Late-Titled-Tuesday-Blitz-May-07-2024"]
[Site "Chess.com"]
[Date "2024.05.07"]
[Round "1"]
[White "nekotyanof"]
[Black "Supelyel"]
[Result "0-1"]
[WhiteElo "2681"]
[BlackElo "2405"]
[TimeControl "180+1"]
[EndTime "14:07:12 PDT"]
[Termination "Supelyel won by checkmate"]

1. e4 d6 2. d4 Nf6 3. Nc3 e5 4. Nf3 Nbd7 5. Bc4 Be7 6. a4 O-O 7. O-O c6 8. a5 Rb8 9. Be3 b5 10. axb6 axb6 11. dxe5 dxe5 12. Ra7 Bb7 13. Qd2 Qc7 14.
Rd1 Ra8 15. Rxa8 Rxa8 16. Ng5 Rf8 17. f3 b5 18. Bb3 Nc5 19. Ba2 h6 20. Nh3 Bc8 21.
Nf2 Kh7 22. g4 Be6 23. Bxe6 Nxe6 24. Ne2 Rd8 25. Qc1 Rxd1+ 26. Nxd1 Nd7 27. c3 Bc5 28. Bxc5 Ndxc5 29. Qd2 g6 30. Kg2 Kg7 31. Ne3 Nd7 32. b3 Nf6 33. h4 h5 34. g5 Nd7 35. Nc2 Ndc5 36. b4 Na4 37. Ne1 Nb6 38. Kg3 Kf8 39. Ng2 Ke7 40. f4 exf4+ 41. Ngxf4 Nc4 42. Qd3 Ne5 43. Qe3 Ng4 44. Qd2 Qe5 45. Kf3 Nh2+ 46. Kg2 Ng4 47. Kf3 Nh2+ 48. Kg2 Ng4 49. Nxe6 Qh2+ 50. Kf3 Qf2# 0-1

[Event "Late-Titled-Tuesday-Blitz-May-07-2024"]
[Site "Chess.com"]
[Date "2024.05.07"]
[Round "1"]
[White "egnfanclub"]
[Black "ansko1999"]
[Result "0-1"]
[WhiteElo "2354"]
[BlackElo "2662"]
[TimeControl "180+1"]
[EndTime "14:07:13 PDT"]
[Termination "ansko1999 won by resignation"]

1. e4 c5 2. Nc3 e6 3. f4 a6 4. d3 b5 5. g3 Bb7 6. Bg2 b4 7. Nce2 d5 8. Nh3 Ra7 9. f5 dxe4 10.
fxe6 fxe6 11. O-O exd3 12. cxd3 Bxg2 13. Kxg2 Nf6 14. Nef4 e5 15. Nh5 Qd5+ 16. Kg1 Rf7 17. Ng5 c4 18. Be3 Bc5 19. Bxc5 Qxc5+ 20. d4 exd4 21. Nxf7 Kxf7 22. Nxf6 gxf6 23. Qf3 Nd7 24. a3 b3 25. Rae1 d3+ 26. Kg2 Rc8 27. Qe4 Qc6 28. Rf4 Qxe4+ 29. Rfxe4 Ne5 30. Rd4 Ke6 31. h3 h5 32.
Ree4 c3 33. bxc3 Rxc3 34. Rb4 d2 35. Rbd4 b2 0-1

[Event "Late-Titled-Tuesday-Blitz-May-07-2024"]
[Site "Chess.com"]
[Date "2024.05.07"]
[Round "1"]
[White "ChessSwole"]
[Black "Sacbutt"]
[Result "1/2-1/2"]
[WhiteElo "2624"]
[BlackElo "2308"]
[TimeControl "180+1"]
[EndTime "14:07:13 PDT"]
[Termination "Game drawn by repetition"]

1. c4 e6 2. g3 d5 3. Bg2 Nf6 4.
Nf3 Be7 5. O-O O-O 6. b3 Nbd7 7.
Bb2 c6 8. Nc3 Re8 9. e3 e5 10.
cxd5 cxd5 11. Rc1 e4 12. Nd4 Ne5 13. Rc2 Bg4 14. f3 exf3 15. Nxf3 d4 16. Ne2 Nxf3+ 17. Bxf3 Bxf3 18. Rxf3 d3 19. Rc4 dxe2 20. Qxe2 Rc8 21.
Rd4 Qb6 22. Bc3 Red8 23. Rdf4 Rc6 24. g4 Rf8 25. Qd3 Rd6 26. Bd4 Qd8 27. Qc4 a6 28. h3 b5 29. Qe2 Nd5 30. Rf5 g6 31. Re5 Bf6 32. Rxd5 Rxd5 33. Bxf6 Rxd2 34. Qf1 Qd5 35. Bd4 f5 36. a4 f4 37. axb5 axb5 38. Rf2 Rxf2 39.
Qxf2 f3 40. h4 Qxb3 41. Kh2 Qd1 42. Qa2+ Rf7 43. Qa8+ Rf8 44. Qd5+ Rf7 45. Qd8+ Rf8 46. Qd5+ Rf7 47. Qd8+ Rf8 48. Qd5+ 1/2-1/2

[Event "Late-Titled-Tuesday-Blitz-May-07-2024"]
[Site "Chess.com"]
[Date "2024.05.07"]
[Round "1"]
[White "grzechu96"]
[Black "szachmistrz2500"]
[Result "0-1"]
[WhiteElo "2780"]
[BlackElo "2475"]
[TimeControl "180+1"]
[EndTime "14:07:14 PDT"]
[Termination "szachmistrz2500 won on time"]

1. e4 c5 2. Nf3 d6 3. d4 cxd4 4. Nxd4 Nf6 5. Nc3 a6 6. Be2 e5 7.
Nb3 Be7 8. Be3 Be6 9. Nd5 Nbd7 10. Qd3 Bxd5 11. exd5 O-O 12. O-O Rc8 13. c4 b6 14.
Rae1 Nc5 15. Nxc5 bxc5 16. Bd2 Nd7 17. Bd1 Rb8 18. Bc3 f5 19. Ba4 e4 20. Qh3 Bf6 21. Qxf5 Nb6 22. Bc2 Bxc3 23. Qe6+ Kh8 24. Qxe4 g6 25.
bxc3 Qf6 26. Re3 Qg7 27. g3 Rf7 28. f4 Qf6 29. Qd3 Re7 30. Rfe1 Rbe8 31. Bb3 Kg7 32. Kf2 a5 33. Bc2 Kf7 34. Rxe7+ Rxe7 35. Rb1 Rb7 36. Ba4 Qe7 37. Bc6 Rb8 38. Re1 Qf8 39. Re6 Nc8 40.
Qe2 Ne7 0-1

[Event "Late-Titled-Tuesday-Blitz-May-07-2024"]
[Site "Chess.com"]
[Date "2024.05.07"]
[Round "1"]
[White "YouShallNotPass001"]
[Black "lamomiajunior"]
[Result "0-1"]
[WhiteElo "2446"]
[BlackElo "2771"]
[TimeControl "180+1"]
[EndTime "14:07:15 PDT"]
[Termination "lamomiajunior won by resignation"]

1. e4 c5 2. Nf3 d6 3. c3 Nf6 4. h3 Nc6 5. Bd3 e5 6. O-O d5 7. exd5 Qxd5 8. Bc2 Be7 9. Re1 e4 10.
Nh2 h5 11. d3 exd3 12. Qxd3 Qxd3 13. Bxd3 Be6 14. Nf3 O-O-O 15. Bb5 Bd6 16. Ng5 Bd5 17. c4 Rhe8 18. Be3 Be6 19. Nxe6 Rxe6 20. Bxc6 bxc6 21. Nc3 Rde8 22. Red1 Kc7 23. Na4 Ne4 24. Rd3 f5 25.
Rad1 f4 26. Bc1 g5 27. Kf1 R8e7 28. b3 g4 29. hxg4 hxg4 30. Nc3 Nxc3 31. Rxc3 Rh7 32. Kg1 Reh6 33. Kf1 Rh1+ 34. Ke2 Rxd1 35. Kxd1 Rh1+ 36.
Ke2 Be5 37. Rc2 Rg1 38. Bb2 Bd6 39. Rd2 Rxg2 40. Kf1 f3 41. Bc1 Bh2 0-1

[Event "Late-Titled-Tuesday-Blitz-May-07-2024"]
[Site "Chess.com"]
[Date "2024.05.07"]
[Round "1"]
[White "Perecke"]
[Black "dianamirza"]
[Result "0-1"]
[WhiteElo "2547"]
[BlackElo "1942"]
[TimeControl "180+1"]
[EndTime "14:07:15 PDT"]
[Termination "dianamirza won by resignation"]

1. e4 c5 2. Nf3 e6 3. d4 cxd4 4. Nxd4 a6 5. Bd3 Qc7 6. O-O Nf6 7. Qe2 Nc6 8. Nxc6 dxc6 9. e5 Nd7 10. f4 Be7 11. Nc3 Nc5 12. Be3 Nxd3 13. cxd3 Bd7 14. Ne4 b6 15. Qg4 O-O-O 16. Rfc1 f5 17. exf6 gxf6 18.
Qf3 Rhg8 19. a4 Rg7 20. a5 bxa5 21. Nc5 Bxc5 22. Bxc5 Rdg8 23. g3 h5 24. b4 h4 25. Bf2 hxg3 26. hxg3 e5 27. fxe5 fxe5 28. Kg2 axb4 29. Rxa6 Qb7 30. Raxc6+ Bxc6 31. Rxc6+ Rc7 32. Qf5+ Kb8 33. Qxe5 Qxc6+ 34. Kg1 Qc1+ 35. Kg2 Qc6+ 36. Kg1 Kb7 37. Qd4 Kc8 38. Qxb4 Rh8 39. Qg4+ Kb7 40. Qb4+ Kc8 41. Qg4+ Rd7 42. Kf1 Rh1+ 43. Ke2 Qc2+ 44. Ke3 Qxd3+ 45. Kf4 Qc4+ 46. Kf3 Qxg4+ 47. Kxg4 Rg7+ 48.
Kf3 Rh6 49. Bd4 Rf7+ 50. Kg4 Rg6+ 51. Kh4 Kd7 52. g4 Rf4 53. Be3 Rfxg4+ 54. Kh5 Ke6 0-1

[Event "Late-Titled-Tuesday-Blitz-May-07-2024"]
[Site "Chess.com"]
[Date "2024.05.07"]
[Round "1"]
[White "KuzubovYuriy"]
[Black "Romadk"]
[Result "1-0"]
[WhiteElo "2951"]
[BlackElo "2533"]
[TimeControl "180+1"]
[EndTime "14:07:18 PDT"]
[Termination "KuzubovYuriy won on time"]

1. d4 Nf6 2. c4 e6 3. Nf3 d5 4. Nc3 Bb4 5. Bg5 h6 6. Bxf6 Qxf6 7. e3 O-O 8. Rc1 c6 9. Qb3 Bd6 10. Be2 Nd7 11. O-O dxc4 12. Bxc4 e5 13. Ne4 Qe7 14. d5 cxd5 15. Bxd5 Nb6 16. Rfd1 Bb8 17. h3 Nxd5 18.
Qxd5 Be6 19. Qc5 Qxc5 20. Nxc5 Bxa2 21. Nxb7 e4 22. Nd4 Be5 23. Rc5 Bf6 24. Ra5 Bxd4 25. Rxd4 Be6 26. Nc5 Rab8 27. b4 Bf5 28. g4 Bg6 29.
Nd7 Rfd8 30. Nxb8 Rxb8 31. Rxa7 h5 32. Kg2 hxg4 33. hxg4 Rb5 34. Ra1 f5 35. Rd8+ Kf7 36. Rd7+ Kf6 37. Ra6+ Kg5 38. Rxg7 Kh4 39. Raxg6 f4 40.
Rh7+ 1-0

[Event "Late-Titled-Tuesday-Blitz-May-07-2024"]
[Site "Chess.com"]
[Date "2024.05.07"]
[Round "1"]
[White "APOKALIPSA13"]
[Black "KingCyber19"]
[Result "0-1"]
[WhiteElo "2175"]
[BlackElo "2593"]
[TimeControl "180+1"]
[EndTime "14:07:19 PDT"]
[Termination "KingCyber19 won on time"]

1. e4 e5 2. d4 exd4 3. Qxd4 Nc6 4.
Qe3 Nf6 5. Bd2 d6 6. Nc3 Be6 7. O-O-O Qd7 8. f4 Qe7 9. Bb5 Bd7 10. Nf3 a6 11. Bxc6 Bxc6 12. Rhe1 Qd7 13. h3 Be7 14. e5 Ng8 15. exd6 cxd6 16. Nd4 O-O-O 17. Nxc6 Qxc6 18.
Qa7 d5 19. Be3 Nf6 20. Bd4 Bd6 21. Bxf6 Bxf4+ 22. Kb1 gxf6 23. Re7 Bb8 24. Qf2 Bd6 25. Rxf7 Be5 26. Qa7 Bb8 27. Qd4 Be5 28. Qa7 Bb8 29.
Qa8 d4 30. Ne4 Qxe4 31. a3 Rhf8 32. Rg7 Rd7 33. Rg4 Qc6 0-1

[Event "Late-Titled-Tuesday-Blitz-May-07-2024"]
[Site "Chess.com"]
[Date "2024.05.07"]
[Round "1"]
[White "jaramsdal"]
[Black "Evandro_Barbosa"]
[Result "0-1"]
[WhiteElo "2388"]
[BlackElo "2695"]
[TimeControl "180+1"]
[EndTime "14:07:20 PDT"]
[Termination "Evandro_Barbosa won on time"]

1. e4 c5 2. a3 d5 3. exd5 Nf6 4. Bb5+ Bd7 5. Bc4 e6 6. dxe6 fxe6 7. Qe2 Nc6 8. Nf3 Qc7 9. Nc3 O-O-O 10. Nb5 Qb6 11.
d3 a6 12. a4 axb5 13. axb5 Nb8 14. Bd2 Qd6 15. g3 Nd5 16. Ne5 Qe7 17. O-O Be8 18. Ra8 Nb6 19. Ra7 Nxc4 20. Nxc4 Bxb5 21. Nb6+ Kc7 22. Na8+ Kc8 23. Nb6+ Kc7 24. Na8+ Kc6 25. Qe4+ Rd5 26. c4 Ba6 27. cxd5+ exd5 28. Qa4+ Bb5 29. Qa5 Ba6 30. Qb6+ Kd7 31. Qc7+ Ke8 32. Qxb8+ Kf7 33. Qf4+ Qf6 34. Qxf6+ Kxf6 35. Nc7 h5 36. Nxa6 bxa6 37. Rxa6+ Kf5 0-1